AoeStats
← [CL]Sendoh

African Clearing

510610682Analyzed
2v2 RM · 1d ago on Oct 1, 2026· 40m 2s· 4 players
Game mode
Random Map
Map size
Medium (4 player)
Population
200
Speed
Normal
Resources
Standard
Victory
Conquest
Starting age
Dark Age
Ending age
Imperial Age
RankedLock teamsTeams togetherTeam positionsShared explorationLock speedFull tech treeHidden civsTurbo modeCheats
Victory
Defeat
🇨🇱 Hindustanis · Chile
1390
+17
🇨🇱 Mongols · Chile
1355
+19
🇫🇷 Danes · France
1420
-18
🇫🇷 Danes · France
1416
-18
Sire_Ryl
10:27 Loom
19:01 Feudal Age
20:23 Town Watch
25:32 Castle Age
24:33 Scale Mail Armor
24:43 Forging
24:15 Horse Collar
28:22 Double-Bit Axe
35:32 Bow Saw
40:49 Wheelbarrow
Sire_Cal
3:05 Loom
18:11 Feudal Age
18:12 Man-at-Arms
19:49 Wheelbarrow
19:38 Arson
19:55 Scale Mail Armor
26:03 Castle Age
38:31 Gambesons
[CL]Sendoh
3:19 Loom
11:53 Feudal Age
12:36 Double-Bit Axe
17:37 Forging
19:44 Bloodlines
20:21 Scale Barding Armor
23:38 Castle Age
21:59 Stone Mining
23:46 Light Cavalry
27:25 Iron Casting
29:56 Wheelbarrow
30:08 Husbandry
32:28 Bow Saw
37:43 Coinage
37:43 Horse Collar
39:26 Chain Barding Armor
[CL]Jigsaw
4:14 Loom
14:30 Feudal Age
15:13 Town Watch
25:03 Fletching
30:35 Castle Age
29:27 Padded Archer Armor
30:41 Crossbowman
31:19 Bodkin Arrow
35:02 Leather Archer Armor
Connection lost

Rejoining the realm…

Still unreachable

The connection could not be restored.

Session expired

The server has moved on; the page needs a fresh start.